 Dungeon Sprint DCSS version 0.28-a0-97-g102d6777a4 (webtiles) character file.

Game seed: 4825920649872986235

169 MikeHunt the Ruffian (level 5, -2/46 HPs)
             Began as a Troll Artificer on Aug 9, 2021.
             Was an Initiate of Gozag.
             Splashed by an oklob sapling wizard's acid (12 damage)
             ... in the Dungeon (Sprint IV: "Fedhas' Mad Dash").
             The game lasted 00:01:45 (632 turns).

MikeHunt the Ruffian (Troll Artificer)               Turns: 632, Time: 00:01:46

Health: -2/46      AC:  0    Str: 20    XL:     5   Next: 25%
Magic:  4/4        EV: 11    Int:  7    God:    Gozag
Gold:   148        SH:  0    Dex: 11    Spells: 4/4 levels left

rFire   . . .      SeeInvis .     - Unarmed
rCold   . . .      Faith    .   (no shield)
rNeg    . . .      Spirit   .   b - +0 robe
rPois   .          Reflect  .   (helmet restricted)
rElec   .          Harm     .   (no cloak)
rCorr   .          Rampage  .   (gloves unavailable)
Will    .....      NoTele   +   (boots unavailable)
Stlth   +.........              a - amulet of invisibility {+Inv}
HPRegen 1.15/turn               (no ring)
MPRegen 0.09/turn               (no ring)

@: corroded, very slightly contaminated
A: large, unfitting armour, claws 3, regeneration 1, shaggy fur 1, tough skin 1
a: Renounce Religion, Evoke Invisibility, Potion Petition, Call Merchant, Bribe
Branch


You were in the Dungeon.
You worshipped Gozag.
Gozag was aware of your devotion.
You visited 1 branch You collected 148 gold pieces.

Inventory:

Armour
 b - a +0 robe (worn)
Jewellery
 a - the amulet of invisibility (around neck) {+Inv}
   (You found it in the Dungeon)

   [amulet of nothing]

   +Inv:      It lets you turn invisible.
Wands
 c - a wand of flame (12) (quivered)
 d - a wand of charming (15)
Scrolls
 k - a scroll of blinking
Potions
 f - a potion of curing
 g - a potion of heal wounds
 h - a potion of haste
 i - 2 potions of magic
 j - a potion of berserk rage
Miscellaneous
 e - a piece from Xom's chessboard (15/15)


   Skills:
 - Level 0.7 Fighting
 + Level 5.5 Dodging
 - Level 0.3 Stealth
 + Level 6.0 Unarmed Combat
 + Level 5.2 Evocations


You had 4 spell levels left.
You didn't know any spells.
Your spell library was empty.

Dungeon Overview and Level Annotations

Branches:
Dungeon (1/1)

Altars:
Cheibriados
Dithmenos
Elyvilon
Gozag
Hepliaklqana
Kikubaaqudgha
Makhleb
Nemelex Xobeh
Okawaru
Qazlal
Ru
Sif Muna
Trog
Uskayaw
Vehumet
Wu Jian
Xom
Yredelemnul
Zin
The Shining One
Beogh
Jiyva
Lugonu

Annotations:
D exclusion: oklob sapling


Innate Abilities, Weirdness & Mutations

You are too large for most types of armour.
You have claws for hands.
Your natural rate of healing is unusually fast.
You are covered in fur. (AC +1)
You have tough skin. (AC +1)


Message History

The oklob sapling priest is moderately damaged.
You scratch the oklob sapling priest but do no damage.
You claw the oklob sapling priest!
The oklob sapling priest is almost destroyed.
The oklob sapling priest spits acid at you.
The splash of acid hits you! The acid corrodes you!
You are splashed with acid!
Aiming: Throw Flame
Press: ? - help, Shift-Dir - straight line, f - oklob sapling priest
Aim: an oklob sapling priest (almost destroyed, 100% to hit)
The puff of flame hits the oklob sapling priest.
You destroy the oklob sapling priest!
Your Dodging skill increases to level 5!
Your Unarmed Combat skill increases to level 6!
Your Evocations skill increases to level 5!
You have reached level 5!
You now have 148 gold pieces (gained 45).
Unknown command.
You flicker back into view.
There is a glowing golden altar of the Shining One here.
There is a fountain of clear blue water here.
You start resting.
You are no longer corroded.
HP restored.
You open the door.
An oklob sapling wizard comes into view.
Marking area around an oklob sapling as unsafe for travelling.
Found 2 grey potions.
Unknown command.
The oklob sapling wizard spits acid at you.
The splash of acid hits you!
You are splashed with acid!
Found a potion of heal wounds.
There is an open door here.
Unknown command.
Unknown command.
The oklob sapling wizard spits acid at you.
The splash of acid hits you!
* * * LOW HITPOINT WARNING * * *
The acid corrodes you!
You are splashed with acid!
You die...
Your body crumbles into a pile of gold.

#####################
...#.⌠._._._._.⌠.#.!+$
.).'.._._._._._..'.P#$
$
...#..._._._._..@#..#
$
#'##.._._._._._..#.!#
$
...#._._._._._.⌠.####
...############### $
#### $$ $


You could see an oklob sapling wizard.

Vanquished Creatures
  A scorpion (D)
  3 oklob saplings (D)
  A river rat (D)
  A rat (D)
6 creatures vanquished.

Notes
Turn   | Place    | Note
-------+----------+-------------------------------------------
     0 | D        | MikeHunt the Troll Artificer began the quest for the Orb.
     0 | D        | Reached XP level 1. HP: 18/18 MP: 0/0
    16 | D        | Reached skill level 2 in Unarmed Combat
    16 | D        | Reached XP level 2. HP: 23/26 MP: 1/1
   226 | D        | Noticed an oklob sapling
   230 | D        | Killed an oklob sapling
   231 | D        | Reached skill level 3 in Unarmed Combat
   231 | D        | Reached XP level 3. HP: 32/32 MP: 2/2
   233 | D        | Noticed a scorpion
   234 | D        | Found the amulet of invisibility {+Inv}
   236 | D        | Killed a scorpion
   237 | D        | Reached skill level 4 in Unarmed Combat
   237 | D        | Reached XP level 4. HP: 40/40 MP: 3/3
   267 | D        | Reached skill level 5 in Unarmed Combat
   290 | D        | Found an opulent altar of Gozag.
   290 | D        | Found a hazy altar of Hepliaklqana.
   290 | D        | Found a snail-covered altar of Cheibriados.
   596 | D        | Found a viscous altar of Jiyva.
   596 | D        | Found a burning altar of Makhleb.
   596 | D        | Found a sparkling altar of Nemelex Xobeh.
   596 | D        | Found a sacrificial altar of Ru.
   596 | D        | Found a shimmering blue altar of Sif Muna.
   596 | D        | Found a bloodstained altar of Trog.
   596 | D        | Found an ornate altar of the Wu Jian Council.
   596 | D        | Found a shimmering altar of Xom.
   596 | D        | Found a basalt altar of Yredelemnul.
   597 | D        | Found an iron altar of Okawaru.
   597 | D        | Found a shadowy altar of Dithmenos.
   597 | D        | Found a glowing silver altar of Zin.
   598 | D        | Found an ancient bone altar of Kikubaaqudgha.
   598 | D        | Found a hide-covered altar of Uskayaw.
   599 | D        | Found a stormy altar of Qazlal.
   599 | D        | Found a white marble altar of Elyvilon.
   599 | D        | Found a glowing golden altar of the Shining One.
   600 | D        | Became a worshipper of Gozag Ym Sagoz the Greedy
   601 | D        | Found a radiant altar of Vehumet.
   601 | D        | Found a corrupted altar of Lugonu.
   607 | D        | Reached skill level 5 in Dodging
   607 | D        | Reached skill level 6 in Unarmed Combat
   607 | D        | Reached skill level 5 in Evocations
   607 | D        | Reached XP level 5. HP: 22/46 MP: 2/4
   632 | D        | Splashed by an oklob sapling wizard's acid

Illustrated notes

Levels and vault maps discovered:
D:        dungeon_sprint_fedhas [sprint_temple]

Skill      XL: |  1  2  3  4 |
---------------+-------------+-----
Dodging        | 2 3 4 5 |  5.5
Unarmed Combat | 2 3 4 6 |  6.0
Evocations     | 3 4 5 |  5.2
Fighting       | |  0.7
Stealth        | |  0.3

Action                   |  1- 3 |  4- 6 || total
-------------------------+-------+-------++-------
Melee: Unarmed           |    13 |     6 ||    19
       Punch             |       |     1 ||     1
 Abil: Evoke Invisibilit |       |     2 ||     2
Evoke: Wand              |     2 |     1 ||     3
 Stab: Sleeping          |       |     2 ||     2
Armor: Robe              |     3 |       ||     3
Dodge: Dodged            |     5 |       ||     5

Table legend: (Time is in decaauts)
 A = Elapsed time spent in this place.
 B = Non-inter-level travel time spent in this place.
 C = Inter-level travel time spent in this place.
 D = Time resting spent in this place.
 E = Time spent auto-exploring this place.
 F = Levels seen in this place.
 G = Mean time per level.
                   A        B        C        D        E       F      G
               +--------+--------+--------+--------+--------+-----+--------+
         Total |    631 |    631 |      0 |    513 |      0 |   1 |  631.0 |
       Dungeon |    631 |    631 |      0 |    513 |      0 |   1 |  631.0 |
               +--------+--------+--------+--------+--------+-----+--------+

Top non-repeatable levels by time:
       D: 631 daAuts
